Map: Abyssal Reef LE

Players

HAPPYFUNBALL

  • Race: Terran Terran
  • League: Platinum
  • Spawn Location: 11:00

KingTortas - Winner!

  • Race: Protoss Protoss
  • League: Diamond
  • Spawn Location: 5:00

VOD

Have the link to the VOD?

Description

Time

  • Played on: Dec. 8, 2017, 11:43 p.m.
  • Length: 18:45
Show
View Real Time Build Order
Export as new Build Order

HAPPYFUNBALL Terran 

Build Orders:  

Get SALT Encoding   

  12  0:00  SCV  
  13  0:17  SCV, Supply Depot  
  14  0:27  Refinery  
  14  0:29  SCV  
  15  0:42  Barracks  
  15  0:46  SCV  
  16  0:58  SCV  
  17  1:10  SCV  
  18  1:22  SCV  
  19  1:30  Marine  
  20  1:41  Command Center  
  20  1:48  Orbital Command  
  20  2:02  Barracks Reactor  
  20  2:10  Supply Depot  
  20  2:15  SCV  
  21  2:18  Engineering Bay  
  21  2:29  Barracks  
  21  2:45  Marine  
  21  2:46  Supply Depot  
  21  2:48  Marine  
  23  2:53  Missile Turret  
  23  2:58  Orbital Command  
  23  3:10  Bunker  
  23  3:14  Marine  
  23  3:15  SCV  
  23  3:17  Marine  
  26  3:24  Barracks Tech Lab  
  26  3:27  SCV  
  26  3:32  Marine  
  28  3:35  Refinery  
  28  3:42  Marine  
  28  3:43  Factory  
  28  3:45  SCV  
  30  3:50  SCV, Marine  
  30  3:54  Stimpack  
  32  4:00  Marine  
  33  4:06  SCV  
  34  4:18  SCV  
  34  4:23  Missile Turret  
  35  4:28  Marine  
  35  4:30  SCV  
  37  4:32  Factory Tech Lab, Marine  
  38  4:43  SCV  
  39  4:45  Marine  
  39  4:50  Marine  
  39  4:51  Siege Tank  
  44  4:57  SCV  
  45  5:02  Barracks  
  45  5:03  Marine  
  45  5:05  Missile Turret  
  46  5:08  Marine  
  46  5:09  SCV  
  48  5:21  SCV, Marine  
  49  5:26  Marine  
  51  5:30  Orbital Command  
  51  5:33  SCV  
  50  5:39  Marine  
  51  5:43  Marine  
  51  5:45  SCV  
  53  5:57  Marine  
  54  6:07  Supply Depot  
  54  6:10  Marine, Supply Depot  
  54  6:12  SCV, Siege Tank, Supply Depot  
  54  6:14  Marine  
  57  6:24  SCV  
  58  6:28  Marine  
  58  6:32  Marine, Orbital Command  
  59  6:36  SCV  
  59  6:38  Barracks Tech Lab  
  59  6:39  Barracks Reactor  
  61  6:45  Supply Depot  
  61  6:46  Marine  
  62  6:48  SCV  
  62  6:50  Marine  
  64  7:01  SCV  
  65  7:08  SCV, Marine, Missile Turret  
  66  7:10  Marine  
  66  7:13  SCV  
  69  7:20  SCV  
  59  7:25  SCV, Marine x2  
  59  7:27  Marine  
  59  7:28  Marine  
  58  7:30  Marine  
  58  7:43  Marine x2  
  60  7:45  Marine  
  60  7:46  SCV, Marine  
  60  7:48  Supply Depot  
  63  7:51  Supply Depot  
  63  7:52  Terran Infantry Weapons Level 1  
  63  8:01  Marine  
  63  8:02  Supply Depot  
  63  8:03  Marine, Starport  
  63  8:05  SCV  
  66  8:18  Supply Depot  
  66  8:25  Marine x2  
  53  8:42  Engineering Bay  
  53  8:44  Starport Reactor  
  53  8:45  Supply Depot  
  53  8:46  Command Center  
  53  8:55  Marine x3  
  55  8:56  SCV, Marine x2  
  59  9:09  Missile Turret  
  59  9:11  Missile Turret  
  59  9:13  Marine  
  60  9:19  Marine  
  60  9:21  Terran Infantry Armor Level 1  
  60  9:23  Marine x2  
  60  9:24  SCV  
  64  9:26  Marine  
  64  9:27  Refinery  
  64  9:28  Refinery  
  65  9:37  SCV, Siege Tank  
  69  9:39  Marine  
  69  9:40  Medivac  
  69  9:41  Medivac  
  74  9:56  Marine  
  75  10:03  Marine  
  75  10:04  Marine  
  75  10:06  Marine  
  75  10:07  Marine  
  79  10:14  Marine  
  79  10:16  Barracks  
  79  10:20  Barracks, Orbital Command  
  80  10:21  Marine x2  
  80  10:22  SCV  
  80  10:24  Marine x2  
  86  10:28  SCV  
  86  10:32  Marine  
  86  10:34  SCV  
  88  10:39  Marine x2  
  88  10:40  SCV, Armory  
  88  10:42  Marine  
  92  10:43  Engineering Bay  
  92  10:44  Marine  
  92  10:50  Marine  
  81  10:57  Marine x2  
  81  11:00  Marine  
  81  11:02  Marine, Orbital Command  
  85  11:08  Marine  
  86  11:15  Marine  
  86  11:16  Missile Turret  
  87  11:20  Marine  
  87  11:21  Marine  
  87  11:24  Missile Turret, Barracks Reactor  
  90  11:25  Barracks Reactor  
  89  11:34  Marine x3  
  89  11:35  SCV x2  
  94  11:45  SCV, Marine  
  96  11:47  Marine  
  96  11:50  Terran Infantry Weapons Level 2  
  96  11:52  Terran Infantry Armor Level 2, Marine x2  
  96  11:54  Terran Vehicle Weapons Level 1  
  99  11:58  Medivac x2  
  103  12:02  Command Center  
  103  12:04  Marine x2  
  105  12:09  Siege Tank  
  108  12:22  Marine x2  
  110  12:36  Marine x4  
  114  12:41  Marine, Siege Tank  
  117  12:53  Marine  
  117  12:55  Marine  
  117  12:56  Marine  
  117  12:57  Marauder  
  122  13:04  Marine  
  123  13:07  Sensor Tower  
  123  13:11  Marine x3  
  126  13:13  Siege Tank  
  126  13:18  Marine x3, Marauder  
  134  13:21  Starport  
  134  13:28  Missile Turret  
  134  13:30  Marine  
  135  13:35  Marine  
  135  13:37  Missile Turret  
  136  13:45  Siege Tank  
  97  14:03  SCV x3  
  97  14:06  Marine x3  
  98  14:15  SCV x3  
  101  14:17  Siege Tank  
  104  14:26  Marine  
  104  14:27  SCV x3, Marine x2  
  105  14:32  Marine x2  
  105  14:33  Marine x2  
  94  14:39  SCV x3  
  81  14:53  Marine x2  
  81  14:54  SCV, Marine x3  
  81  14:58  Siege Tank  
  90  15:02  Planetary Fortress  
  90  15:09  Missile Turret  
  90  15:17  Medivac x2  
  87  15:22  Marine  
  86  15:30  Siege Tank  
  86  15:31  Missile Turret  
  86  15:32  SCV  
  86  15:33  SCV  
  91  15:37  SCV  
  91  15:38  Marine  
  93  15:47  Medivac x2  
  97  15:50  Marine x2  
  97  15:51  SCV x2, Marine  
  102  15:58  Marine  
  102  15:59  SCV  
  102  16:01  Marine x2  
  102  16:02  Siege Tank  
  102  16:03  SCV  
  102  16:04  SCV  
  108  16:11  SCV  
  108  16:12  Marine x2  
  108  16:16  SCV, Marauder  
  108  16:17  Medivac x2  
  116  16:23  Starport Reactor  
  116  16:29  Liberator  
  116  16:30  Liberator  
  116  16:32  Marine x3  
  115  16:34  Siege Tank  
  115  16:38  Marauder  
  119  16:43  Supply Depot x2  
  119  16:45  Supply Depot x2  
  119  16:48  SCV, Marine x2, Supply Depot  
  128  16:55  Refinery x2  
  128  16:59  Marauder  
  128  17:00  Marine  
  132  17:01  SCV, Marine  
  132  17:02  SCV, Marine  
  132  17:04  Command Center  
  132  17:06  SCV  
  136  17:13  SCV  
  137  17:20  Marine x2  
  137  17:21  Marauder  
  141  17:24  Marine x3  
  141  17:26  Marine  
  141  17:29  Marine  
  146  17:31  Marine  
  146  17:35  Supply Depot  
  147  17:38  Marine x2  
  147  17:40  Barracks  
  147  17:41  Marine  
  147  17:43  Barracks  
  150  17:47  Marine x3  
  150  17:48  Marine x2  
  150  17:49  Marine  
  155  17:56  Marine x2  
  157  17:59  Marine  
  157  18:05  Marine x5  
  158  18:07  Marine  
  159  18:14  Marine x2  
  159  18:17  Marine  
  135  18:23  Marine x5  
  135  18:25  Marine  
  128  18:28  Command Center  
Show
View Real Time Build Order
Export as new Build Order

KingTortas Protoss - Winner!

Build Orders: Dark Templar Rush 

Get SALT Encoding   

  12  0:01  Probe  
  13  0:13  Probe  
  14  0:19  Pylon  
  14  0:25  Probe  
  15  0:37  Probe  
  15  0:38  Gateway  
  17  0:50  Probe, Assimilator  
  17  1:01  Pylon  
  17  1:02  Probe  
  18  1:06  Assimilator  
  18  1:14  Probe  
  19  1:25  Cybernetics Core  
  19  1:26  Probe  
  20  1:38  Probe  
  21  1:43  Pylon  
  21  1:51  Probe  
  22  2:03  Probe, Twilight Council  
  22  2:06  Warp Gate (Chrono Boost)  
  23  2:15  Probe  
  24  2:16  Gateway  
  24  2:26  Gateway  
  24  2:39  Charge  
  24  2:47  Probe  
  25  2:57  Gateway  
  25  2:59  Gateway  
  25  3:02  Pylon  
  25  3:32  Dark Shrine  
  25  3:34  Zealot x2  
  25  3:35  Zealot  
  31  3:55  Stalker x2  
  33  3:56  Stalker  
  33  3:59  Zealot  
  39  4:45  Stalker x5  
  45  4:51  Pylon  
  31  5:48  Dark Templar x2  
  35  5:50  Zealot x3  
  35  5:51  Nexus  
  41  6:30  Probe  
  42  6:42  Probe  
  43  6:48  Sentry x2  
  43  6:49  Dark Templar  
  43  6:52  Pylon, Zealot, Nexus  
  52  6:54  Probe (Chrono Boost)  
  52  6:59  Pylon  
  52  7:06  Probe (Chrono Boost)  
  54  7:14  Probe (Chrono Boost)  
  55  7:15  Probe (Chrono Boost)  
  55  7:16  Probe  
  55  7:20  Probe  
  49  7:28  Probe  
  34  7:39  Zealot x2  
  34  7:40  Zealot x3, Probe  
  45  7:45  Probe  
  46  7:52  Probe  
  46  7:57  Probe  
  48  8:03  Zealot x4  
  48  8:04  Zealot, Probe  
  59  8:09  Probe  
  46  8:33  Zealot x2  
  46  8:34  Zealot x3  
  46  8:35  Probe  
  46  8:36  Probe x2  
  53  8:44  Gateway  
  53  8:48  Probe (Chrono Boost)  
  56  8:50  Pylon  
  56  8:55  Probe x2 (Chrono Boost)  
  56  8:56  Assimilator  
  56  9:00  Probe (Chrono Boost), Zealot  
  56  9:01  Zealot  
  56  9:02  Probe x2 (Chrono Boost)  
  63  9:08  Zealot x2  
  67  9:11  Zealot  
  67  9:12  Probe  
  67  9:16  Probe x2  
  72  9:22  Zealot x2  
  77  9:24  Probe  
  77  9:28  Probe  
  77  9:31  Zealot x3  
  80  9:35  Probe  
  80  9:36  Probe  
  86  9:40  Probe  
  87  9:52  Probe  
  88  9:56  Pylon  
  88  9:59  Forge  
  88  10:02  Gateway  
  88  10:05  Gateway, Stalker  
  88  10:06  Stalker x2  
  94  10:07  Pylon, Zealot  
  94  10:08  Zealot  
  94  10:11  Probe  
  94  10:13  Assimilator  
  99  10:15  Assimilator  
  99  10:35  Dark Templar x4  
  104  10:41  Dark Templar x4  
  104  10:42  Dark Templar x2  
  110  10:48  Probe  
  111  11:01  Nexus  
  111  11:12  Pylon  
  111  11:14  Pylon, Nexus  
  111  11:15  Pylon  
  111  11:17  Probe  
  112  11:20  Blink  
  112  11:21  Pylon  
  112  11:22  Protoss Air Weapons Level 1  
  112  11:24  Pylon  
  112  11:29  Stargate  
  112  11:43  Zealot x4  
  112  11:44  Pylon, Zealot x3  
  126  11:51  Probe (Chrono Boost)  
  126  11:53  Probe (Chrono Boost)  
  129  11:59  Probe (Chrono Boost)  
  131  12:04  Probe (Chrono Boost)  
  131  12:05  Probe (Chrono Boost)  
  131  12:06  Protoss Ground Weapons Level 1 (Chrono Boost)  
  133  12:09  Probe (Chrono Boost)  
  133  12:12  Probe (Chrono Boost), Gateway  
  133  12:17  Gateway  
  133  12:25  Pylon, Nexus  
  133  12:33  Archon  
  133  12:34  Archon  
  133  12:38  Zealot x3, Gateway  
  133  12:39  Zealot x3  
  133  12:41  Gateway  
  145  12:47  Templar Archives  
  145  12:49  Probe (Chrono Boost)  
  150  12:53  Assimilator  
  150  12:58  Probe x4 (Chrono Boost), Assimilator  
  150  12:59  Dark Templar x2  
  150  13:00  Probe (Chrono Boost)  
  155  13:08  Fleet Beacon  
  155  13:11  Probe x2, Assimilator  
  155  13:12  Probe x2  
  159  13:13  Probe  
  159  13:14  Assimilator  
  160  13:23  Probe x2  
  160  13:24  Probe x2  
  164  13:27  Pylon  
  164  13:29  Pylon  
  136  14:05  Zealot x4  
  136  14:06  Zealot x4  
  128  14:14  Protoss Ground Weapons Level 2 (Chrono Boost)  
  128  14:19  Probe  
  128  14:20  Probe x3  
  128  14:22  Probe x2  
  120  14:36  Zealot x5  
  120  14:37  Zealot x5  
  114  14:52  Probe x3  
  107  14:53  Probe x2  
  107  14:58  Gateway  
  109  15:00  Stargate  
  109  15:02  Stargate  
  109  15:03  Stargate  
  109  15:08  Stargate x2  
  109  15:12  Stargate  
  109  15:17  Pylon  
  109  15:19  Pylon  
  93  15:28  Assimilator  
  93  15:33  Assimilator  
  93  16:00  Anion Pulse-Crystals  
  93  16:02  Zealot  
  93  16:03  Zealot x7  
  109  16:24  Carrier (Chrono Boost)  
  109  16:25  Carrier x2 (Chrono Boost)  
  151  16:30  Carrier (Chrono Boost)  
  151  16:32  Carrier x2 (Chrono Boost)  
  139  16:35  Carrier (Chrono Boost)  
  135  16:49  Psionic Storm  
  135  17:13  Carrier x3 (Chrono Boost)  
  135  17:15  Carrier x2  
  171  17:29  Graviton Catapult (Chrono Boost)  
  177  18:12  Zealot x4  
  177  18:13  Zealot x5  
  177  18:14  Zealot x4  
Tags
 
Add a new tag
Caveats
  • Supply blocks, unpowered buildings, or Contaminate may cause inaccurate times.
  • Supply counts are checked every 10 seconds.